 Dungeon Crawl Stone Soup version 0.31.0-4-g52a2dc7128 (webtiles) character file.

Game seed: 3265316484997016477

4505 Curundu the Cleaver (level 10, -2/86 HPs)
             Began as a Minotaur Berserker on Jan 22, 2024.
             Was a High Priest of Trog.
             Killed by psychic fangs
             ... invoked by a neqoxec
              (6 damage)
             ... on level 9 of the Dungeon.
             The game lasted 00:28:26 (7131 turns).

Curundu the Cleaver (Minotaur Berserker)            Turns: 7131, Time: 00:28:26

Health: -2/86      AC: 18    Str: 25    XL:     10   Next: 16%
Magic:  8/9        EV: 13    Int:  7    God:    Trog [*****.]
Gold:   479        SH: 15    Dex: 11    Spells: 9/9 levels left

rFire   . . .        y - +3 hand axe (heavy)
rCold   . . .        q - +0 tower shield
rNeg    . . .        c - +1 chain mail
rPois   .            (helmet restricted)
rElec   .            e - +0 cloak
rCorr   .            F - +2 pair of gloves of Kewaply {Int+3}
SInv    +            (no boots)
Will    .....        (no amulet) Stlth
                     g - +5 ring of evasion
HPRegen 0.34/turn    u - ring of see invisible
MPRegen 0.11/turn

%: no passive effects
@: on berserk cooldown, slowed, studying Axes, very slow
A: horns 2, retaliatory headbutt, iridescent scales 1
a: Renounce Religion, Berserk, Trog's Hand, Brothers in Arms


You were on level 9 of the Dungeon.
You worshipped Trog.
Trog was extremely pleased with you.
You visited 2 branches of the dungeon, and saw 10 of its levels.
You also visited: Sewer.

You collected 479 gold pieces.

Inventory:

Hand Weapons
 v - the +9 staff of Olgreb {rPois∞}
   (You found it on level 6 of the Dungeon)

   Radiate:   It can be activated via the 'a'bility menu to radiate toxic
   energy, with effectiveness depending on Evocations skill.
   Alch:      It enhances your alchemy magic.
   rPois∞: It grants immunity to poison.
   Trog disapproves of the use of such an item.
 y - a +3 heavy hand axe (weapon)
 B - a +0 war axe
Missiles
 A - 3 boomerangs (quivered)
Armour
 c - a +1 chain mail (worn)
 e - a +0 cloak (worn)
 q - a +0 tower shield (worn)
 F - the +2 pair of gloves of Kewaply (worn) {Int+3}
   (You found it on level 8 of the Dungeon)

   Int+3:     It affects your intelligence (+3).
Jewellery
 b - a ring of flight
 g - a +5 ring of evasion (left hand)
 h - a ring of positive energy
 l - a +5 ring of evasion
 u - a ring of see invisible (right hand)
 x - a ring of poison resistance
 z - a ring of resist corrosion
 C - a +6 ring of strength
Wands
 s - a wand of acid (6)
 D - a wand of charming (5)
 G - a wand of polymorph (10)
Scrolls
 d - 2 scrolls of enchant armour
 i - 5 scrolls of identify
 k - 3 scrolls of teleportation
 m - a scroll of blinking
 n - 2 scrolls of fog
 r - 2 scrolls of vulnerability
 w - 2 scrolls of enchant weapon
 E - a scroll of poison
Potions
 a - a potion of enlightenment
 f - 3 potions of curing
 j - 4 potions of lignification
 o - a potion of haste
 p - a potion of invisibility
 t - 2 potions of might


   Skills:
 + Level 7.0 Fighting
 + Level 10.5 Axes
 + Level 8.5 Armour
 + Level 3.8 Dodging
 - Level 0.4 Stealth
 * Level 10.1 Shields


You had 9 spell levels left.
You didn't know any spells.
Your spell library was empty.

Dungeon Overview and Level Annotations

Branches:
Dungeon (9/15)             Temple (1/1) D:4           Sewer (visited)
   Lair: D:8-11         Orc: D:9-12

Altars:
Ashenzari
Cheibriados
Dithmenos
Elyvilon
Fedhas
Gozag
Kikubaaqudgha
Makhleb
Nemelex Xobeh
Okawaru
Qazlal
Ru
Sif Muna
Trog
Uskayaw
Vehumet
Wu Jian
Xom
Yredelemnul
Zin
The Shining One

Shops:
D:1 (   D:9 =

Annotations:
D:6 1 runed translucent door


Innate Abilities, Weirdness & Mutations

You have a pair of horns on your head.
You reflexively headbutt those who attack you in melee.
You are partially covered in iridescent scales. (AC +2)


Message History

You feel sick.
The orc throws a boomerang.
You block the boomerang. You block the gnoll's attack.
You closely miss the gnoll.
The gnoll is moderately wounded.
You feel sick. The gnoll hits you but does no damage.
You hit the gnoll.
The gnoll is almost dead.
You feel sick.
You slice the gnoll!!
You kill the gnoll!
Trog accepts your kill.
You feel sick.
A chaos spawn and a neqoxec come into view.
The chaos spawn shouts in stereo!
The neqoxec shouts!
You hear a shout!
An orc comes into view. It is wielding a +0 club.
The orc misses you. You furiously retaliate!
You headbutt the orc!
You kill the orc!
Trog accepts your kill. The neqoxec gestures at you.
Strange energies course through your body.
Iridescent scales grow over part of your body.
A gnoll comes into view. It is wielding a +0 club.
Things that are here:
a +0 halberd; a gnoll corpse You feel a strong urge to attack something.
You feel sick.
Items here: )) [ †.
You are no longer berserk.
You are exhausted.
You feel yourself slow down.
You feel sick.
You are no longer poisoned.
Things that are here:
a +1 spear of venom; a +0 scale mail; a gnoll corpse The neqoxec gestures at you.
Something gnaws on your mind!
* * * LOW HITPOINT WARNING * * *
You feel your power leaking away. The neqoxec gestures at you.
Something gnaws on your mind!
You die...

.. . ######## #.#.
###......### +...
##.)..@.....###..##
##.).)####....##...#
#.g)### ###...##..##
#.3## ##..##...#
#.... #.......#
#....g ##......#
#####3. #####..# 4..
#..# ...o #(.#


You could see a neqoxec and a gnoll.

Vanquished Creatures
  An ice devil (D:9)
  Grinder (D:6)
  A steam dragon (D:7)
  2 redbacks (D:6)
  Edmund (D:4)
  3 water moccasins
  An orc warrior (D:7)
  A black bear (D:6)
  5 ogres
  A phantom (D:6)
  A gnoll sergeant (D:9)
  2 bullfrogs
  5 scorpions
  11 wights
  8 killer bees (D:6)
  5 hounds
  A bombardier beetle (D:5)
  2 gnoll boudas
  2 jellies
  3 orc priests
  5 iguanas
  A sleepcap (D:7)
  Natasha (thrice) (D:2)
  6 orc wizards
  Robin (D:2)
  11 gnolls
  12 adders
  A shadow imp (D:7)
  2 white imps
  12 dart slugs
  3 ribbon worms
  24 orcs
  9 bats
  5 endoplasms
  15 giant cockroaches
  19 goblins
  8 hobgoblins
  9 jackals (D:2)
  7 quokkas
  8 ball pythons
  10 frilled lizards
  5 kobolds
  9 rats
242 creatures vanquished.

Notes
Turn   | Place    | Note
-------+----------+-------------------------------------------
     0 | D:1      | Curundu the Minotaur Berserker began the quest for the Orb.
     0 | D:1      | Reached XP level 1. HP: 19/19 MP: 0/0
    28 | D:1      | Found Nuanoin's Weapon Boutique.
   297 | D:1      | Reached XP level 2. HP: 26/27 MP: 1/1
   695 | D:2      | Reached ** piety under Trog
   696 | D:2      | Reached XP level 3. HP: 27/33 MP: 2/2
   724 | D:2      | Noticed Robin
   739 | D:2      | Killed Robin
   803 | D:2      | Noticed Natasha
   816 | D:2      | Reached XP level 4. HP: 25/41 MP: 3/3
   819 | D:2      | Killed Natasha
   868 | D:2      | Noticed Natasha
   877 | D:2      | Killed Natasha
   878 | D:2      | Reached skill level 5 in Axes
  1045 | D:2      | Noticed Natasha
  1057 | D:2      | Killed Natasha
  1058 | D:2      | Reached XP level 5. HP: 46/47 MP: 4/4
  1424 | D:3      | You are sucked into a shaft and drop 3 floors!
  1530 | D:6      | Found the +9 staff of Olgreb {rPois∞}
  1533 | D:6      | Found a runed translucent door.
  1541 | D:6      | Found a runed translucent gate.
  1541 | D:6      | Found a runed translucent gate.
  1541 | D:6      | Noticed a redback
  1542 | D:6      | Found a runed translucent door.
  1544 | D:6      | Noticed a redback
  1564 | D:6      | Reached XP level 6. HP: 36/55 MP: 5/5
  1573 | D:6      | Reached skill level 5 in Fighting
  1780 | D:6      | Found a glowing drain.
  1797 | Sewer    | Entered a sewer
  1849 | Sewer    | Reached *** piety under Trog
  1863 | Sewer    | Reached skill level 5 in Armour
  1863 | Sewer    | Reached XP level 7. HP: 58/61 MP: 6/6
  2180 | D:5      | Entered Level 5 of the Dungeon
  2629 | D:3      | Found a burning altar of Makhleb.
  2978 | D:4      | Reached skill level 1 in Shields
  3033 | D:4      | Found a staircase to the Ecumenical Temple.
  3054 | Temple   | Entered the Ecumenical Temple
  3131 | D:4      | Reached **** piety under Trog
  3330 | D:4      | Found a hide-covered altar of Uskayaw.
  3428 | D:4      | Noticed Edmund
  3434 | D:4      | Killed Edmund
  3789 | D:5      | Reached XP level 8. HP: 21/70 MP: 7/7
  3800 | D:5      | HP: 2/70 [ogre/+0 giant club (23)]
  4301 | D:5      | Found a broken altar of Ashenzari.
  4607 | D:5      | Identified the +5 ring mail of Weightlessness {Regen+}
  4803 | D:6      | Found a runed translucent gate.
  4961 | D:6      | Reached skill level 5 in Shields
  4995 | D:6      | Found a snail-covered altar of Cheibriados.
  4996 | D:6      | Noticed Grinder
  4998 | D:6      | Paralysed by Grinder for 4 turns
  5007 | D:6      | Killed Grinder
  5145 | D:6      | Found a white marble altar of Elyvilon.
  5145 | D:6      | Found a basalt altar of Yredelemnul.
  5145 | D:6      | Found a shadowy altar of Dithmenos.
  5225 | D:6      | Reached XP level 9. HP: 70/75 MP: 8/8
  5666 | D:7      | Reached skill level 10 in Axes
  6241 | D:7      | Reached ***** piety under Trog
  6380 | D:8      | Reached XP level 10. HP: 84/84 MP: 9/9
  6532 | D:8      | Identified the +2 pair of gloves of Kewaply {Int+3}
  6604 | D:8      | Found an opulent altar of Gozag.
  6604 | D:8      | Found a blossoming altar of Fedhas.
  6607 | D:8      | Found a shimmering altar of Xom.
  7042 | D:8      | Identified a scroll of acquirement
  7042 | D:8      | Acquired a manual of Axes
  7064 | D:9      | Found Ypletiejuo's Jewellery Shop.
  7120 | D:9      | Reached skill level 10 in Shields
  7126 | D:9      | Gained mutation: You are partially covered in iridescent
                  | scales. (AC +2) [a neqoxec]
  7130 | D:9      | HP: 3/86 [neqoxec/psychic fangs (5)]
  7131 | D:9      | Killed from afar by a neqoxec

Illustrated notes

Levels and vault maps discovered:
D:1:      nicolae_arrival_memento_mori, layout_rooms, serial_shops,
          nicolae_shop_tiny_glass, minmay_misc_feat_doors
D:2:      layout_basic, uniq_natasha, uniq_robin
D:3:      layout_loops_corners, mainiacjoe_overflow_chevrons,
          minmay_crystal_water
D:4:      layout_basic, nicolae_uskayaw_murder_on_the_dancefloor,
          minmay_temple_entry_trees, uniq_edmund
D:5:      layout_cave_pods, evilmike_ruin_ashenzari
D:6:      layout_gridville, grunt_temple_overflow_open, kennysheep_slug_shrine,
          portal_sewer_entry_f, minmay_guarded_unrand_staff_of_olgreb,
          uniq_grinder
D:7:      layout_cave_pools, corner_web_ring, mumra_transporter_accident,
          kennysheep_cross_room, serial_park_tiny_1
D:8:      layout_basic, chequers_temple_overflow_statue_of_worship
D:9:      layout_basic, dpeg_lair_monsters, david_orc_2, serial_park_tiny_2,
          minmay_shop_enchanted_jewellery, nicolae_neqoxec_dot_bat
Temple:   nicolae_temple_ecumenical_triangle

Skill      XL: |  1  2  3  4  5  6  7  8  9 10 |
---------------+-------------------------------+-----
Axes           | 4 5 6 7 8 9 10 | 10.5
Fighting       | 4 5 6 7 |  7.0
Armour         | 3 4 5 6 7 8 |  8.5
Dodging        | 3 |  3.8
Shields        | 2 6 9 10 | 10.1
Stealth        | |  0.4

Action                     |  1- 3 |  4- 6 |  7- 9 | 10-12 || total
---------------------------+-------+-------+-------+-------++-------
  Melee: Hand axe          |    80 |   120 |   308 |    33 ||   541
         Headbutt          |    12 |    20 |    62 |     6 ||   100
         Punch             |       |     2 |     3 |       ||     5
 Invoke: Trog's Hand       |     1 |     1 |     4 |     1 ||     7
         Berserk           |     1 |       |     4 |     1 ||     6
    Use: Scroll            |     7 |     1 |     9 |     1 ||    18
 Armour: Chain mail        |    98 |    88 |   162 |    23 ||   371
  Dodge: Dodged            |    52 |    85 |   152 |    16 ||   305
  Block: Tower shield      |       |       |   227 |    41 ||   268
